 Seeded DCSS version 0.31-a0-1-g4198be8af4 (webtiles) character file.

Game seed: 548224908236487523 (custom seed)

19 Pimp the Chiller (level 2, 0/19 HPs)
             Began as a Barachi Ice Elementalist on May 3, 2023.
             Slain by a gnoll
             ... wielding a +0 whip
              (8 damage)
             ... on level 2 of the Dungeon.
             The game lasted 00:01:46 (918 turns).

Pimp the Chiller (Barachi Ice Elementalist)          Turns: 918, Time: 00:01:49

Health: 0/19       AC:  3    Str:  9    XL:     2   Next: 75%
Magic:  4/5        EV: 12    Int: 15    God:
Gold:   106        SH:  0    Dex: 12    Spells: 5/6 levels left

rFire   . . .        d - +0 hand axe (flame)
rCold   . . .        (no shield)
rNeg    . . .        a - +0 robe
rPois   .            (no helmet)
rElec   .            h - +0 cloak
rCorr   .            (no gloves)
SInv    .            (no boots)
Will    .....        (no amulet)
Stlth   ++           (no ring)
HPRegen 0.23/turn    (no ring)
MPRegen 0.09/turn

%: no passive effects
@: slow
A: amphibious, slowness 1, strong legs 1, +LOS
a: Hop


You were on level 2 of the Dungeon.
You visited 1 branch of the dungeon, and saw 2 of its levels.

You collected 106 gold pieces.

Inventory:

Hand Weapons
 d - a +0 hand axe of flaming (weapon)
Armour
 a - a +0 robe (worn)
 h - a +0 cloak (worn)
Scrolls
 c - a scroll of identify {unknown}
 g - a scroll of blinking {unknown}
 j - a scroll of magic mapping {unknown}
Potions
 b - 2 potions of magic
 e - a potion of ambrosia {unknown}
 f - 2 potions of haste {unknown}
 i - a potion of curing {unknown}
 k - a potion of heal wounds {unknown}


   Skills:
 + Level 2.5 Dodging
 + Level 2.1 Stealth
 + Level 2.5 Spellcasting
 + Level 5.1 Ice Magic


You had 5 spell levels left.
You knew the following spells:

 Your Spells              Type           Power      Damage    Failure   Level
a - Freeze                Ice            68%        1d8       2%          1

Your spell library contained the following spells:

 Spells                   Type           Power      Damage    Failure   Level
 Frozen Ramparts          Ice            34%        1d6       8%          3
 Ozocubu's Armour         Ice            17%        N/A       8%          3
 Summon Ice Beast         Ice/Summ       9%         N/A       58%         4


Dungeon Overview and Level Annotations

Branches:
Dungeon (2/15)

Altars:


Innate Abilities, Weirdness & Mutations

You are amphibious.
You cover ground slowly.
You can hop short distances.
You have an extended range of vision and can be seen from far away.


Message History

The kobold hits you with a +0 short sword.
You closely miss the kobold. The kobold barely misses you.
Casting: Freeze (safe; 2% risk of failure)
Confirm with . or Enter, or press ? or * to list all spells.
Aiming: Freeze (safe; 2% risk of failure)
Press: ? - help, Shift-Dir - straight line, f - kobold
Aim: a kobold, wielding a +0 short sword You freeze the kobold!
You kill the kobold!
Things that are here:
a +0 short sword; a kobold corpse The hobgoblin closely misses you.
You hit the hobgoblin but do no damage. The hobgoblin closely misses you.
You hit the hobgoblin. You burn the hobgoblin.
You kill the hobgoblin!
Magic restored.
k - a metallic golden potion You now have 106 gold pieces (gained 9).
Found a dagger.
You open the door.
There is an open door here.
You open the door.
There is an open door here. 2 gnolls come into view.
The gnoll shouts!
You hear a shout!
A rat comes into view.
There is an open door here.
The gnoll misses you.
The gnoll hits you from afar with a +0 spear.
The gnoll hits you from afar with a +0 spear!
The gnoll attacks as you move away! The gnoll barely misses you.
Casting: Freeze (safe; 2% risk of failure)
Confirm with . or Enter, or press ? or * to list all spells.
Aiming: Freeze (safe; 2% risk of failure)
Press: ? - help, Shift-Dir - straight line, f - gnoll
Aim: a gnoll, wielding a +0 whip You freeze the gnoll.
The gnoll is moderately wounded.
The gnoll hits you with a +0 whip!
You die...

######..######.#
#.>......).....#
###.####..######.#####
#....................# #####
#.#.#.##.........###.####
##...###.#.#.##...#####.###.....
#.###.##.#......<..####........#
#.#..........##..........#####.#
#.#.#.##.#######@#######.#
##...###.# #g# .# ##.##
#.#######g# .# ##.##
#......)..## .#
#...##########...## .. #.#....#
##.....## ## #...#..#
##.......##
####...####.........# #..
#.......'.........+ ...


You could see 2 gnolls.

Vanquished Creatures
  A dart slug (D:1)
  A bat (D:1)
  2 endoplasms (D:1)
  A goblin (D:1)
  2 hobgoblins
  3 jackals (D:1)
  2 kobolds
  A ball python (D:1)
  2 frilled lizards (D:1)
15 creatures vanquished.

Notes
Turn   | Place    | Note
-------+----------+-------------------------------------------
     0 | D:1      | Pimp the Barachi Ice Elementalist began the quest for the
                  | Orb.
     0 | D:1      | Reached XP level 1. HP: 13/13 MP: 3/3
   173 | D:1      | Reached XP level 2. HP: 19/19 MP: 0/5
   254 | D:1      | Reached skill level 5 in Ice Magic
   918 | D:2      | Slain by a gnoll

Illustrated notes

Levels and vault maps discovered:
D:1:      evilmike_arrival_rings, layout_rooms, serial_glass, glass_columns_c,
          glass_columns_a, glass_columns_a, glass_columns_a
D:2:      layout_loops_corners, shapermc_ecumenical_altar_totnotflames

Skill      XL: |  1  2 |
---------------+-------+-----
Stealth        | 2 |  2.1
Ice Magic      | 5 |  5.1
Dodging        | |  2.5
Spellcasting   | |  2.5

Action                     || total
---------------------------++-------
  Melee: Unarmed           ||     2
         Hand axe          ||    13
   Cast: Freeze            ||    23
 Armour: Robe              ||     6
  Dodge: Dodged            ||    29

Table legend: (Time is in decaauts)
 A = Elapsed time spent in this place.
 B = Non-inter-level travel time spent in this place.
 C = Inter-level travel time spent in this place.
 D = Time resting spent in this place.
 E = Time spent auto-exploring this place.
 F = Levels seen in this place.
 G = Mean time per level.
                   A        B        C        D        E       F      G
               +--------+--------+--------+--------+--------+-----+--------+
         Total |   1047 |    987 |     60 |    166 |    602 |   2 |  523.5 |
       Dungeon |   1047 |    987 |     60 |    166 |    602 |   2 |  523.5 |
               +--------+--------+--------+--------+--------+-----+--------+

Top non-repeatable levels by time:
     D:1: 889 daAuts
     D:2: 158 daAuts
